 Dungeon Crawl Stone Soup version 0.32-a0-42-ga30500b4d3 (webtiles) character file.

Game seed: 10901876702371316046

984 jlumianski the Ruffian (level 8, -7/60 HPs)
             Began as a Gnoll Shapeshifter on Feb 2, 2024.
             Was an Initiate of Wu Jian.
             Mangled by a gnoll
             ... wielding a +0 halberd
              (10 damage)
             ... on level 6 of the Dungeon.
             The game lasted 00:16:53 (4815 turns).

jlumianski the Ruffian (Gnoll Shapeshifter)         Turns: 4815, Time: 00:16:54

Health: -7/60      AC:  9    Str: 15    XL:     8   Next: 18%
Magic:  21/21      EV:  9    Int:  9    God:    Wu Jian [......]
Gold:   102        SH:  0    Dex: 13    Spells: 13/13 levels left

rFire   . .          .
                       - Unarmed
rCold   . . .        (no shield)
rNeg    . . .        r - +0 chain mail
rPois   .            (helmet currently unavailable)
rElec   .            (cloak currently unavailable)
rCorr   .            (gloves currently unavailable)
SInv    .            (boots currently unavailable)
Will    .....        (no amulet) Stlth
                     e - ring of magical power
HPRegen 0.30/turn    t - ring of flight
MPRegen 0.17/turn

%: no passive effects
@: beast-form, flying
A: beast (slay +4), fangs 1, strong nose, distributed training
a: Begin Untransformation, Renounce Religion


You were on level 6 of the Dungeon.
You worshipped Wu Jian.
Wu Jian was noncommittal.
You were a hulking beast.
You visited 1 branch of the dungeon, and saw 7 of its levels.

You collected 310 gold pieces.
You spent 208 gold pieces at shops.

Inventory:

Missiles
 g - 7 boomerangs (quivered)
 m - 5 poisoned darts
Armour
 a - a +0 animal skin
 l - a +0 scale mail
 o - a +0 ring mail
 r - a +0 chain mail (worn)
Jewellery
 e - a ring of magical power (left hand)
 t - a ring of flight (right hand)
Talismans
 c - a beast talisman
 d - a flux talisman
Wands
 q - a wand of light (14)
 s - a wand of flame (21)
Scrolls
 f - 2 scrolls of fog
 h - 2 scrolls of enchant weapon
 j - 2 scrolls of immolation {unknown}
 k - a scroll of blinking
 n - 2 scrolls of teleportation
 v - a scroll of vulnerability {unknown}
Potions
 b - a potion of lignification
 i - 4 potions of curing
 p - a potion of attraction
 u - a potion of mutation {unknown}
 w - 2 potions of heal wounds
 x - a potion of berserk rage


   Skills:
 + Level 4.1 Fighting
 + Level 3.1 Short Blades
 + Level 3.1 Long Blades
 + Level 3.1 Axes
 + Level 3.1 Maces & Flails
 + Level 3.1 Polearms
 + Level 3.1 Staves
 + Level 3.1 Ranged Weapons
 + Level 3.1 Throwing
 + Level 3.1 Armour
 + Level 5.6 Dodging
 + Level 3.1 Stealth
 + Level 3.1 Shields
 + Level 7.3 Unarmed Combat
 + Level 3.1 Spellcasting
 + Level 2.5 Conjurations
 + Level 2.5 Hexes
 + Level 2.5 Summonings
 + Level 2.5 Necromancy
 + Level 2.5 Translocations
 + Level 2.5 Fire Magic
 + Level 2.5 Ice Magic
 + Level 2.5 Air Magic
 + Level 2.5 Earth Magic
 + Level 2.5 Alchemy
 + Level 3.5 Invocations
 + Level 3.1 Evocations
 + Level 7.2 Shapeshifting


You had 13 spell levels left.
You didn't know any spells.
Your spell library was empty.

Dungeon Overview and Level Annotations

Branches:
Dungeon (7/15)
 Temple: D:4-7

Altars:
Ashenzari
Cheibriados
Makhleb
Vehumet
Wu Jian
Zin
The Shining One

Shops:
D:5 !


Innate Abilities, Weirdness & Mutations

You are a hulking beast.
Your limbs bulge with bestial killing power. (Slay +4)
You have very sharp teeth.
Your uncanny sense of smell can sniff out nearby items.
Your experience applies equally to all skills.


Message History

You completely miss the iguana. Your bite misses the iguana.
The iguana is heavily wounded.
The iguana barely misses you.
You punch the iguana!
You kill the iguana!
The Council accepts your kill. The gnoll closely misses you.
You lunge at the gnoll.
You hit the gnoll but do no damage. The gnoll barely misses you.
The gnoll hits you from afar with a +0 halberd.
You hit the gnoll.
The gnoll is moderately wounded.
The gnoll hits you but does no damage. The gnoll barely misses you.
You hit the gnoll.
The gnoll is severely wounded.
The gnoll hits you with a +0 spear.
You hit the gnoll.
The gnoll is almost dead.
The gnoll hits you from afar with a +0 halberd.
You punch the gnoll!
You kill the gnoll!
The Council accepts your kill.
The gnoll hits you from afar with a +0 halberd!
* * * LOW HITPOINT WARNING * * *
You lunge at the gnoll, in a flurry of attacks.
You barely miss the gnoll. You bite the gnoll.
The gnoll is lightly wounded.
You barely miss the gnoll.
The gnoll is lightly wounded.
The gnoll hits you with a +0 halberd!
* * * LOW HITPOINT WARNING * * *
Things that are here:
a +0 spear; a +0 flail; a gnoll corpse You punch the gnoll!
The gnoll is almost dead.
The gnoll hits you but does no damage.
You barely miss the gnoll. Your bite misses the gnoll.
The gnoll is almost dead.
The gnoll hits you with a +0 halberd!
You die...

∆ #############..#
#.gh...........#
#...%.#####.########
#.#.# #.# # #.# #.#
#.# #.####### #
#..)>)#.. .
#####.#.# #


You could see a gnoll.

Vanquished Creatures
  An ice beast (D:5)
  A sky beast (D:6)
  A phantom (D:4)
  2 scorpions (D:5)
  A howler monkey (D:5)
  2 bombardier beetles (D:3)
  A hound (D:4)
  An orc priest (D:5)
  A gnoll bouda (D:5)
  2 iguanas (D:6)
  5 orc wizards
  8 gnolls
  9 adders
  A white imp (D:6)
  2 dart slugs
  A ribbon worm (D:4)
  9 orcs
  5 ball pythons
  7 bats
  6 endoplasms
  6 giant cockroaches
  4 goblins
  4 hobgoblins
  8 jackals
  5 kobolds
  A quokka (D:1)
  2 frilled lizards
  5 rats
101 creatures vanquished.

Notes
Turn   | Place    | Note
-------+----------+-------------------------------------------
     0 | D:1      | jlumianski the Gnoll Shapeshifter began the quest for the
                  | Orb.
     0 | D:1      | Reached XP level 1. HP: 17/17 MP: 1/1
   233 | D:1      | Reached XP level 2. HP: 23/23 MP: 2/2
   975 | D:2      | Reached XP level 3. HP: 28/28 MP: 3/3
   999 | D:2      | Reached skill level 1 in Invocations
  1116 | D:2      | Found a faded altar of an unknown god.
  1396 | D:2      | Reached skill level 1 in Short Blades
  1396 | D:2      | Reached skill level 1 in Long Blades
  1396 | D:2      | Reached skill level 1 in Axes
  1396 | D:2      | Reached skill level 1 in Maces & Flails
  1396 | D:2      | Reached skill level 1 in Polearms
  1396 | D:2      | Reached skill level 1 in Staves
  1396 | D:2      | Reached skill level 1 in Ranged Weapons
  1396 | D:2      | Reached skill level 1 in Throwing
  1396 | D:2      | Reached skill level 1 in Armour
  1396 | D:2      | Reached skill level 1 in Stealth
  1396 | D:2      | Reached skill level 1 in Shields
  1396 | D:2      | Reached skill level 1 in Spellcasting
  1396 | D:2      | Reached skill level 1 in Evocations
  1503 | D:2      | Reached XP level 4. HP: 30/34 MP: 5/5
  1649 | D:2      | Reached skill level 1 in Conjurations
  1649 | D:2      | Reached skill level 1 in Hexes
  1649 | D:2      | Reached skill level 1 in Summonings
  1649 | D:2      | Reached skill level 1 in Necromancy
  1649 | D:2      | Reached skill level 1 in Translocations
  1649 | D:2      | Reached skill level 1 in Fire Magic
  1649 | D:2      | Reached skill level 1 in Ice Magic
  1649 | D:2      | Reached skill level 1 in Air Magic
  1649 | D:2      | Reached skill level 1 in Earth Magic
  1649 | D:2      | Reached skill level 1 in Alchemy
  1942 | D:3      | Reached XP level 5. HP: 15/40 MP: 5/7
  2480 | D:5      | Entered Level 5 of the Dungeon
  2670 | D:4      | Found a glowing silver altar of Zin.
  2670 | D:4      | Noticed an angel
  2882 | D:5      | Reached skill level 5 in Dodging
  2882 | D:5      | Reached XP level 6. HP: 47/47 MP: 8/8
  3374 | D:6      | Noticed a sky beast
  3380 | D:6      | Killed a sky beast
  3381 | D:6      | Reached XP level 7. HP: 45/52 MP: 10/10
  3680 | D:5      | Found a burning altar of Makhleb.
  3680 | D:5      | Found a broken altar of Ashenzari.
  3680 | D:5      | Found a snail-covered altar of Cheibriados.
  3680 | D:5      | Found an ornate altar of the Wu Jian Council.
  3686 | D:5      | Found a radiant altar of Vehumet.
  3686 | D:5      | Found a glowing golden altar of the Shining One.
  3702 | D:5      | Became a worshipper of the Wu Jian Council
  3733 | D:5      | Found Itioc's Distillery.
  3739 | D:5      | Bought a potion of heal wounds for 65 gold pieces
  3739 | D:5      | Bought a potion of berserk rage for 65 gold pieces
  3739 | D:5      | Bought a potion of curing for 39 gold pieces
  3739 | D:5      | Bought a potion of curing for 39 gold pieces
  4159 | D:5      | Noticed a steam dragon
  4167 | D:5      | Noticed a steam dragon
  4533 | D:6      | Reached XP level 8. HP: 59/60 MP: 12/12
  4813 | D:6      | HP: 3/60 [gnoll/+0 halberd (8)]
  4815 | D:6      | Mangled by a gnoll

Illustrated notes

Levels and vault maps discovered:
D:1:      eino_arrival_cavern_e, layout_basic
D:2:      layout_basic, ebering_ecumenical_altar_abandoned, serial_curves,
          eino_curves_03, eino_curves_04, grunt_ministairs_8, minivault_26,
          chequers_serial_rivers_micro_a, hangedman_feature_mirror
D:3:      minmay_recursive_quarters, layout_loops_ring
D:4:      layout_basic, zin_angel
D:5:      kennysheep_steamy, layout_basic, minmay_overflow_temple_hex,
          serial_shops, nicolae_shop_industrial_runoff, minmay_strange_pillars
D:6:      layout_loops_ring
D:7:      layout_loops_corners, minmay_temple_entry_stoned_glass, enter_bailey_5

Skill      XL: |  1  2  3  4  5  6  7 |
---------------+----------------------+-----
Invocations    | 1 2 3 |  3.5
Short Blades   | 1 2 3 |  3.1
Long Blades    | 1 2 3 |  3.1
Axes           | 1 2 3 |  3.1
Maces & Flails | 1 2 3 |  3.1
Polearms       | 1 2 3 |  3.1
Staves         | 1 2 3 |  3.1
Ranged Weapons | 1 2 3 |  3.1
Throwing       | 1 2 3 |  3.1
Armour         | 1 2 3 |  3.1
Stealth        | 1 2 3 |  3.1
Shields        | 1 2 3 |  3.1
Spellcasting   | 1 2 3 |  3.1
Evocations     | 1 2 3 |  3.1
Conjurations   | 1 2 |  2.5
Hexes          | 1 2 |  2.5
Summonings     | 1 2 |  2.5
Necromancy     | 1 2 |  2.5
Translocations | 1 2 |  2.5
Fire Magic     | 1 2 |  2.5
Ice Magic      | 1 2 |  2.5
Air Magic      | 1 2 |  2.5
Earth Magic    | 1 2 |  2.5
Alchemy        | 1 2 |  2.5
Fighting       | 3 4 |  4.1
Dodging        | 5 |  5.6
Unarmed Combat | 7 |  7.3
Shapeshifting  | 7 |  7.2

Action                     |  1- 3 |  4- 6 |  7- 9 || total
---------------------------+-------+-------+-------++-------
  Melee: Unarmed           |    67 |   103 |    97 ||   267
         Punch             |     2 |     2 |     9 ||    13
         Bite              |     4 |     9 |    10 ||    23
  Throw: Boomerang         |       |     1 |     3 ||     4
Ability: Lunge             |       |       |     9 ||     9
    Use: Scroll            |       |     5 |       ||     5
         Potion            |       |     1 |       ||     1
   Stab: Sleeping          |     1 |       |       ||     1
 Armour: Animal skin       |    11 |       |       ||    11
         Scale mail        |    20 |       |       ||    20
         Ring mail         |     3 |    26 |       ||    29
         Chain mail        |       |    18 |    66 ||    84
  Dodge: Dodged            |    46 |    48 |    34 ||   128

Table legend: (Time is in decaauts)
 A = Elapsed time spent in this place.
 B = Non-inter-level travel time spent in this place.
 C = Inter-level travel time spent in this place.
 D = Time resting spent in this place.
 E = Time spent auto-exploring this place.
 F = Levels seen in this place.
 G = Mean time per level.
                   A        B        C        D        E       F      G
               +--------+--------+--------+--------+--------+-----+--------+
         Total |   4792 |   4734 |     58 |    516 |   2700 |   7 |  684.6 |
       Dungeon |   4792 |   4734 |     58 |    516 |   2700 |   7 |  684.6 |
               +--------+--------+--------+--------+--------+-----+--------+

Top non-repeatable levels by time:
     D:5: 1205 daAuts
     D:2: 1134 daAuts
     D:4: 927 daAuts
     D:1: 771 daAuts
     D:3: 446 daAuts
     D:6: 303 daAuts
     D:7: 5 daAuts
